 Dungeon Crawl Stone Soup version 0.25-b1-23-ge2ad7d536c (webtiles) character file.

Game seed: 18057188015966170978, levelgen mode: deterministic

110 lepoulpe303 the Vexing (level 5, 0/29 HPs)
             Began as a Kobold Arcane Marksman on May 29, 2020.
             Killed from afar by Natasha (7 damage)
             ... with a puff of flame
             ... on level 2 of the Dungeon.
             The game lasted 00:07:32 (2136 turns).

lepoulpe303 the Vexing (Kobold Arcane Marksman)     Turns: 2136, Time: 00:07:32

Health: 0/29       AC:  3    Str:  8    XL:     5   Next: 14%
Magic:  4/7        EV: 16    Int: 15    God:
Gold:   123        SH:  0    Dex: 15    Spells: 1/7 levels left

rFire    . . .     SeeInvis .   b - +0 hand crossbow
rCold    . . .     Gourm    .   (shield restricted)
rNeg     . . .     Faith    .   f - +0 robe
rPois    .         Spirit   .   (no helmet)
rElec    .         Reflect  .   (no cloak)
rCorr    .         Harm     .   c - +0 pair of gloves
MR       .....                  (no boots)
Stlth    ++........             (no amulet)
HPRegen  0.09/turn              (no ring)
MPRegen  0.10/turn              (no ring)

@: very slightly contaminated, slowed, very slow
A: small, carnivore
a: no special abilities


You were on level 2 of the Dungeon.
You were completely stuffed.

You visited 1 branch of the dungeon, and saw 2 of its levels.

You collected 123 gold pieces.

Inventory:

Hand Weapons
 a - a +0 dagger
 b - a +0 hand crossbow (weapon)
 m - a +1 dagger of speed
 t - a +1 rapier of holy wrath
Missiles
 d - 2 boomerangs
 Q - 15 bolts (quivered)
Armour
 c - a +0 pair of gloves (worn)
 f - a +0 robe (worn)
 k - a +0 leather armour
Wands
 o - a wand of clouds (7)
Scrolls
 h - a scroll of amnesia {unknown}
 p - 2 scrolls of identify {unknown}
 q - a scroll of immolation {unknown}
 r - a scroll of enchant weapon {unknown}
 s - a scroll of enchant armour {unknown}
Potions
 g - 2 potions of flight {unknown}
 j - 2 potions of lignification {unknown}
 l - 2 potions of magic {unknown}
 n - a potion of curing {unknown}
Comestibles
 e - 8 rations
 i - 2 chunks of flesh


   Skills:
 - Level 1.5 Fighting
 + Level 1.1 Short Blades
 * Level 3.6 Crossbows
 + Level 3.1 Dodging
 + Level 1.5 Stealth
 + Level 1.7 Spellcasting
 * Level 3.8 Hexes


You had one spell level left.
You knew the following spells:

 Your Spells              Type           Power        Failure   Level  Hunger
a - Inner Flame           Hex/Fire       #.......     30%         3    ####...
s - Slow                  Hex            ##......     7%          2    ###....
v - Corona                Hex            ##.....      4%          1    ##.....

Your spell library contained the following spells:

 Spells                   Type           Power        Failure   Level  Hunger
 Portal Projectile        Hex/Tloc       #.....       30%         3    ####...
 Cause Fear               Hex            ##........   43%         4    #####..
 Leda's Liquefaction      Hex/Erth       #.........   71%         4    #####..


Dungeon Overview and Level Annotations

Branches:
Dungeon (2/15)

Altars:

Annotations:
D:2 Natasha


Innate Abilities, Weirdness & Mutations

You are small and have problems with some larger weapons.
You are carnivorous and can eat meat at any time.


Message History

Aim: Natasha, carrying a wand of flame (12)
You shoot a bolt.
The bolt hits Natasha but does no damage.
Natasha zaps a wand.
The puff of flame misses you. The white imp gestures at you.
The puff of frost hits you!
* * * LOW HITPOINT WARNING * * *
You take 8 damage, and have 7/29 hp.
MASSIVE DAMAGE!!
Unknown command.
Firing (i - inventory)
Q - 17 bolts (quivered)
Aim: Natasha, carrying a wand of flame (11)
You shoot a bolt. The bolt barely misses Natasha.
Natasha barely misses you.
Firing (i - inventory)
Q - 16 bolts (quivered)
Aim: Natasha, carrying a wand of flame (11)
You shoot a bolt. The bolt hits Natasha.
Natasha zaps a wand.
The puff of flame hits you!
You die...

#.######.##..
#(....# ##.#
#.##.. #......
...# #.##..
#.......####
#.###) #<....#.#
#.# #.
..(..#.##### #.#
#. #..5......# #.#
#. #..h..# #.#
#.###. #@# #.#
#..... #.# #.#
####..
#.#####.########..
#.)...............
#######.#.######.#
#<)....# #.#
####.##.###.#
#...........#
#.#####.#####


You could see Natasha and a white imp (summoned).

Levels and vault maps discovered:
D:1:      minmay_arrival_solitary_statue, layout_rooms, minmay_tetromino_t2
D:2:      layout_loops_ring, uniq_jessica, uniq_natasha

Notes
Turn   | Place    | Note
-------+----------+-------------------------------------------
     0 | D:1      | lepoulpe303 the Kobold Arcane Marksman began the quest for
                  | the Orb.
     0 | D:1      | Reached XP level 1. HP: 12/12 MP: 2/2
   269 | D:1      | Identified a +0 hand crossbow
   312 | D:1      | Reached XP level 2. HP: 16/16 MP: 3/3
   316 | D:1      | Learned a level 2 spell: Slow
   338 | D:1      | Identified a +0 pair of gloves (You found it on level 1 of
                  | the Dungeon)
   494 | D:1      | Identified a +0 dagger
   515 | D:1      | Identified a +0 club
   575 | D:1      | Identified a +0 club
   577 | D:1      | Reached XP level 3. HP: 20/20 MP: 3/5
   584 | D:1      | Identified a +0 club
   619 | D:1      | Reached skill level 3 in Crossbows
   863 | D:2      | Identified a +0 dagger
   863 | D:2      | Identified a +0 robe
   863 | D:2      | Noticed Jessica
   868 | D:2      | Killed Jessica
   868 | D:2      | Reached XP level 4. HP: 25/25 MP: 3/6
   922 | D:2      | Identified a +0 club
   936 | D:2      | Identified a +0 kite shield
  1222 | D:2      | Reached skill level 1 in Stealth
  1226 | D:2      | Identified a +0 short sword
  1271 | D:2      | Identified a +0 short sword
  1332 | D:2      | Identified a +0 club
  1870 | D:2      | Learned a level 3 spell: Inner Flame
  1872 | D:2      | Identified a +0 club
  1873 | D:2      | Noticed Natasha
  1887 | D:2      | Killed Natasha
  1887 | D:2      | Reached skill level 1 in Short Blades
  1887 | D:2      | Reached skill level 3 in Dodging
  1887 | D:2      | Reached XP level 5. HP: 25/29 MP: 5/7
  2111 | D:2      | Identified a cursed -3 club
  2129 | D:2      | Noticed Natasha
  2134 | D:2      | HP: 7/29 [white imp/puff of frost[Natasha] (8)]
  2136 | D:2      | Killed from afar by Natasha

Table legend:
 A = Turns spent in this place as a percentage of turns spent in the entire game.
 B = Non-inter-level travel turns spent in this place as a percentage of non-inter-level travel turns spent in the entire game.
 C = Inter-level travel turns spent in this place as a percentage of turns spent in this place.
 D = Turns resting spent in this place as a percentage of non-inter-level travel turns spent in this place.
 E = Turns spent auto-exploring this place as a percentage of non-inter-level travel turns spent in this place.
 F = Non-inter-level travel turns spent in this place divided by the number of levels of this place that you've seen.
                   A       B       C       D       E      F
               +-------+-------+-------+-------+-------+----------------------
         Total | 100.0 | 100.0 |   1.4 |  35.4 |  37.9 | 1053.5
       Dungeon | 100.0 | 100.0 |   1.4 |  35.4 |  37.9 | 1053.5
               +-------+-------+-------+-------+-------+----------------------

Table legend:
 A = Kills in this place as a percentage of kills in entire the game.
 B = Kills by you in this place as a percentage of kills by you in the entire game.
 C = Kills by friends in this place as a percentage of kills by friends in the entire game.
 D = Other kills in this place as a percentage of other kills in the entire game.
 E = Experience gained in this place as a percentage of experience gained in the entire game.
 F = Experience gained in this place divided by the number of levels of this place that you have seen.
                   A       B       C       D       E      F
               +-------+-------+-------+-------+-------+----------------------
         Total | 100.0 | 100.0 |   N/A |   N/A | 100.0 |  79.0
       Dungeon | 100.0 | 100.0 |   N/A |   N/A | 100.0 |  79.0
               +-------+-------+-------+-------+-------+----------------------

Skill      XL: |  1  2  3  4 |
---------------+-------------+-----
Crossbows      | 3 |  3.6
Stealth        | 1 |  1.5
Short Blades   | 1 |  1.1
Dodging        | 3 |  3.1
Fighting       | |  1.5
Spellcasting   | |  1.7
Hexes          | |  3.8

Action                   |  1- 3 |  4- 6 || total
-------------------------+-------+-------++-------
Melee: Unarmed           |    48 |       ||    48
       Dagger            |    14 |   145 ||   159
 Fire: Hand crossbow     |     2 |    21 ||    23
Throw: Boomerang         |    49 |       ||    49
 Cast: Corona            |     1 |     5 ||     6
 Stab: Sleeping          |     2 |     1 ||     3
  Eat: Chunk             |     8 |     5 ||    13
Armor: Robe              |    20 |    16 ||    36
Dodge: Dodged            |    92 |    96 ||   188

Vanquished Creatures
  Jessica (D:2)
  Natasha (D:2)
  3 dart slugs
  2 worms (D:2)
  2 leopard geckos
  A giant cockroach (D:1)
  6 goblins
  10 hobgoblins
  9 bats
  A frilled lizard (D:1)
  6 kobolds
  5 rats
47 creatures vanquished.
